 Dungeon Crawl Stone Soup version 0.29.1-15-g9cfb28693d (webtiles) character file.

Game seed: 14292485306209971012

1572 carsquan the Grappler (level 8, -2/78 HPs)
             Began as a Troll Berserker on Apr 28, 2023.
             Was an Elder of Trog.
             Slain by a gnoll
             ... wielding a +0 halberd
             ... led by a gnoll sergeant
              (5 damage)
             ... on level 6 of the Dungeon.
             The game lasted 00:18:41 (5182 turns).

carsquan the Grappler (Troll Berserker)             Turns: 5182, Time: 00:18:41

Health: -2/78      AC:  5    Str: 34    XL:     8   Next: 59%
Magic:  7/7        EV: 11    Int:  3    God:    Trog [****..]
Gold:   266        SH:  0    Dex: 15    Spells: 7/7 levels left

rFire   . . .      SeeInvis .     - Unarmed
rCold   . . .      Faith    .   (no shield)
rNeg    . . .      Spirit   .   a - +1 animal skin
rPois   .          Reflect  .   (helmet restricted)
rElec   .          Harm     .   (no cloak)
rCorr   .          Rampage  .   (gloves unavailable)
Will    .....                   (boots unavailable)
Stlth   ++........              (no amulet)
HPRegen 1.03/turn               n - +6 ring of dexterity
MPRegen 0.10/turn               l - +6 ring of strength

@: studying Throwing
A: large, unfitting armour, claws 3, regeneration 1, shaggy fur 1, tough skin 1
a: Renounce Religion, Berserk, Trog's Hand, Brothers in Arms


You were on level 6 of the Dungeon.
You worshipped Trog.
Trog was greatly pleased with you.
You visited 2 branches of the dungeon, and saw 7 of its levels.

You collected 266 gold pieces.

Inventory:

Missiles
 z - 29 stones
Armour
 a - a +1 animal skin (worn)
Jewellery
 c - a ring of ice
 l - a +6 ring of strength (right claw)
 n - a +6 ring of dexterity (left claw)
 D - a ring of fire
 G - an amulet of reflection
Wands
 g - a wand of polymorph (4)
 m - a wand of charming (9)
 r - a wand of iceblast (2)
 E - a wand of digging (7)
Scrolls
 b - a scroll of enchant weapon
 d - a scroll of magic mapping
 e - 7 scrolls of identify
 j - 2 scrolls of teleportation
 q - a scroll of fear {unknown}
 t - a scroll of fog {unknown}
 u - 2 scrolls of acquirement {unknown}
 w - a scroll of vulnerability
 y - 3 scrolls of blinking {unknown}
 B - 2 scrolls of immolation
 C - a scroll of brand weapon {unknown}
Potions
 f - 2 potions of cancellation
 h - a potion of invisibility
 i - a potion of flight
 k - 3 potions of might
 o - 2 potions of berserk rage {unknown}
 p - a potion of heal wounds {unknown}
 s - 2 potions of lignification {unknown}
 v - a potion of degeneration {unknown}
 x - a potion of mutation {unknown}
 A - a potion of curing {unknown}
 F - a potion of haste {unknown}


   Skills:
 + Level 3.8 Fighting
 + Level 4.8 Dodging
 + Level 1.8 Stealth
 + Level 8.9 Unarmed Combat


You had 7 spell levels left.
You didn't know any spells.
Your spell library contained the following spells:

 Spells                   Type           Power      Damage    Failure   Level
 Apportation              Tloc           0%         N/A       52%         1
 Beastly Appendage        Tmut           0%         N/A       52%         1
 Poisonous Vapours        Pois/Air       0%         N/A       67%         2
 Wereblood                Tmut           0%         N/A       67%         2
 Spider Form              Tmut/Pois      0%         N/A       88%         3
 Corpse Rot               Necr/Pois/Air  0%         N/A       99%         4
 Alistair's Intoxication  Tmut/Pois      0%         N/A       100%        5


Dungeon Overview and Level Annotations

Branches:
Dungeon (6/15)             Temple (1/1) D:5

Altars:
Ashenzari
Cheibriados
Dithmenos
Elyvilon
Fedhas
Gozag
Hepliaklqana
Kikubaaqudgha
Makhleb
Nemelex Xobeh
Okawaru
Qazlal
Ru
Vehumet
Wu Jian
Yredelemnul


Innate Abilities, Weirdness & Mutations

You are too large for most types of armour.
You have claws for hands.
Your natural rate of healing is unusually fast.
You are covered in fur. (AC +1)
You have tough skin. (AC +1)


Message History

You mangle the gnoll!!
You kill the gnoll!
Trog accepts your kill.
The bullfrog hits you but does no damage.
The gnoll sergeant closely misses you.
The gnoll hits you from afar with a +0 spear.
* * * LOW HITPOINT WARNING * * *
The gnoll hits you from afar with a +0 halberd!
* * * LOW HITPOINT WARNING * * *
The bullfrog barely misses you.
Unknown command.
You claw the gnoll!
The gnoll is heavily wounded.
The bullfrog misses you. The gnoll sergeant misses you. The gnoll misses you.
The gnoll barely misses you. x2
Okay, then.
You don't know any spells.
You don't know any spells.
You mangle the gnoll!!
You kill the gnoll!
Trog accepts your kill. The bullfrog closely misses you.
The bullfrog attacks as you move away! The bullfrog hits you.
* * * LOW HITPOINT WARNING * * *
The bullfrog hits you.
* * * LOW HITPOINT WARNING * * *
You completely miss the bullfrog.
The gnoll sergeant hits you from afar with a +0 spear.
* * * LOW HITPOINT WARNING * * *
The gnoll closely misses you.
The bullfrog hits you but does no damage.
You are too injured to fight recklessly!
You mangle the bullfrog!!
You kill the bullfrog!
Trog accepts your kill. The gnoll sergeant misses you. The gnoll misses you.
You don't know any spells.
The gnoll hits you but does no damage. The gnoll sergeant barely misses you.
The gnoll hits you with a +0 halberd.
You die...

#.#.# #.#.#
###.#.############
....#.#..........#####.#
........................
......#.########.#####.#
#######.# #.# #######.#
#.# #.......# #@#
#.......# #...ggg.#
........# #....g..#
#.......# #.......#
#.......# #.......#
#.......########.##
####.........# #.# #
#.........# #.# #
#[........#


You could see a gnoll sergeant and 3 gnolls.

Vanquished Creatures
  Eustachio (D:5)
  A water moccasin (D:5)
  2 black bears
  A phantom (D:5)
  A centaur (D:4)
  Blork the orc (D:5)
  A bullfrog (D:6)
  4 scorpions
  2 howler monkeys (D:5)
  2 hounds (D:4)
  2 jellies (D:5)
  An orc priest (D:6)
  5 iguanas
  5 gnolls
  12 adders
  A shadow imp (D:5)
  2 ufetubi (D:6)
  3 worms
  8 orcs
  8 ball pythons
  5 endoplasms
  8 goblins
  9 hobgoblins
  10 jackals
  5 kobolds
  2 quokkas
  2 bats
  4 frilled lizards
  11 rats
119 creatures vanquished.

Vanquished Creatures (others)
  32 plants (D:3)
32 creatures vanquished.

Grand Total: 151 creatures vanquished

Notes
Turn   | Place    | Note
-------+----------+-------------------------------------------
     0 | D:1      | carsquan the Troll Berserker began the quest for the Orb.
     0 | D:1      | Reached XP level 1. HP: 22/22 MP: 0/0
   168 | D:1      | Reached XP level 2. HP: 29/29 MP: 1/1
   315 | D:1      | Found a faded altar of an unknown god.
   940 | D:2      | Reached XP level 3. HP: 36/36 MP: 2/2
  1404 | D:2      | Reached ** piety under Trog
  1683 | D:2      | Reached XP level 4. HP: 28/45 MP: 3/3
  1688 | D:2      | Reached skill level 4 in Unarmed Combat
  1779 | D:2      | Noticed a scorpion
  1783 | D:2      | Killed a scorpion
  1872 | D:3      | Reached XP level 5. HP: 52/53 MP: 4/4
  1911 | D:3      | Identified the +1 leather armour of Purpose {rElec}
  2186 | D:3      | Found a snail-covered altar of Cheibriados.
  2372 | D:3      | Reached *** piety under Trog
  2384 | D:3      | Identified the +1 leather armour "Liomno" {Rampage rElec
                  | rN+ Dex+3}
  2606 | D:4      | Reached skill level 5 in Unarmed Combat
  2647 | D:4      | Noticed a black bear
  2657 | D:4      | Killed a black bear
  2658 | D:4      | Reached XP level 6. HP: 44/61 MP: 5/5
  2820 | D:4      | Reached skill level 6 in Unarmed Combat
  3138 | D:4      | Found an ornate altar of the Wu Jian Council.
  3142 | D:4      | Reached skill level 1 in Stealth
  3147 | D:4      | Reached XP level 7. HP: 61/67 MP: 6/6
  3337 | D:4      | Found a burning altar of Makhleb.
  3736 | D:5      | Entered Level 5 of the Dungeon
  3766 | D:5      | Reached skill level 7 in Unarmed Combat
  3856 | D:5      | Noticed Blork the orc
  3866 | D:5      | Killed Blork the orc
  4031 | D:5      | Found a staircase to the Ecumenical Temple.
  4177 | D:5      | Reached XP level 8. HP: 67/75 MP: 7/7
  4279 | D:5      | Reached skill level 8 in Unarmed Combat
  4279 | D:5      | Noticed Eustachio
  4293 | D:5      | Killed Eustachio
  4679 | Temple   | Entered the Ecumenical Temple
  5009 | D:6      | Reached **** piety under Trog
  5180 | D:6      | HP: 1/78 [gnoll sergeant/+0 spear (5)]
  5182 | D:6      | Slain by a gnoll

Illustrated notes

Levels and vault maps discovered:
D:1:      sevenhm_arrival_forest_fort_small_6, layout_loops_ring,
          nicolae_ecumenical_lake_church, moated_statue
D:2:      layout_loops_corners, lightli_corner_chamber
D:3:      layout_loops_ring, cheibrodos_worm_habitat, serial_bayou,
          serial_bayou_pond_a, serial_bayou_lake_a, serial_bayou_lagoon_a,
          serial_bayou_pond_b
D:4:      layout_loops_ring, lightli_temple_of_fire,
          mainiacjoe_overflow_chevrons, st_stairs_1, hangedman_feature_mirror
D:5:      layout_loops_ring, minmay_temple_entry_junction,
          chequers_serial_rivers_micro_b, uniq_eustachio, uniq_blork_the_orc
D:6:      layout_basic
Temple:   nicolae_temple_figure_eight

Skill      XL: |  1  2  3  4  5  6  7  8 |
---------------+-------------------------+-----
Fighting       | 3 |  3.8
Dodging        | 3 4 |  4.8
Unarmed Combat | 4 5 6 7 8 |  8.9
Stealth        | 1 |  1.8

Action                   |  1- 3 |  4- 6 |  7- 9 || total
-------------------------+-------+-------+-------++-------
Melee: Unarmed           |   105 |   106 |    85 ||   296
       Punch             |     1 |     2 |     3 ||     6
  Use: Scroll            |     6 |     3 |     2 ||    11
 Stab: Sleeping          |     1 |     1 |       ||     2
Armor: Animal skin       |    31 |    32 |    43 ||   106
Dodge: Dodged            |    34 |    53 |    85 ||   172
